AoeStats
← WastedSpvrky

Arabia

510233955Analyzed
1v1 RM · 3d ago on Sep 30, 2026· 28m 46s· 2 players
Game mode
Random Map
Map size
Tiny (2 player)
Population
200
Speed
Normal
Resources
Standard
Victory
Conquest
Starting age
Dark Age
Ending age
Imperial Age
RankedLock teamsTeams togetherTeam positionsShared explorationLock speedFull tech treeHidden civsTurbo modeCheats
Victory
Defeat
🇺🇸 Mongols · United States
997
+17
🇵🇱 Franks · Poland
1012
-17
WastedSpvrky
6:42 Loom
8:48 Feudal Age
10:06 Horse Collar
10:38 Double-Bit Axe
22:02 Castle Age
20:52 Gold Mining
21:13 Fletching
22:41 Padded Archer Armor
22:12 Crossbowman
23:07 Scale Barding Armor
23:16 Bow Saw
26:38 Wheelbarrow
29:05 Bodkin Arrow
zyangm
6:41 Loom
9:48 Feudal Age
10:24 Double-Bit Axe
20:37 Castle Age
20:52 Forging
24:10 Pikeman
24:51 Squires
Connection lost

Rejoining the realm…

Still unreachable

The connection could not be restored.

Session expired

The server has moved on; the page needs a fresh start.